NYP
WEST VIRGINIA BLACK BEARS @ MILWAUKEE (NYP) BREWERS
06/10/2049
 
TOP OF THE 1ST
West Virginia Black Bears batting - Pitching for Milwaukee (NYP) Brewers : RHP Brad Nathan
Pitching: RHP Brad Nathan
Batting: RHB Ryan LeSueur 0-0: Swinging Strike
0-1: Fly out, F9 (Line Drive, 9, EV 97.5 MPH)
Batting: LHB Dave Cook 0-0: Called Strike
0-1: Ball
1-1: Foul Ball, location: 2F
1-2: Ball
2-2: DOUBLE (Groundball, 3L, EV 105.6 MPH)
Batting: RHB Randy Bergman 0-0: Called Strike
0-1: Ball
1-1: Swinging Strike
1-2: Ground out 5-3 (Groundball, 56S, EV 85.0 MPH)
Batting: RHB Edwardo Tanchez 0-0: Ball
1-0: Ball
2-0: SINGLE (Groundball, 13S, EV 66.9 MPH) (infield hit)
Dave Cook to third
Batting: RHB Mike Weeks 0-0: Called Strike
Edwardo Tanchez steals 2nd base (no throw)
0-1: Foul Ball, location: 2F
0-2: Ball
1-2: Ball
2-2: SINGLE (Groundball, 56D, EV 103.1 MPH)
Dave Cook scores
Edwardo Tanchez to third
Runner from 3rd tries for Home, SAFE, throw by LF to home
Batting: RHB Matt Derrien 0-0: Called Strike
Mike Weeks steals 2nd base
0-1: Swinging Strike
0-2: Ball
1-2: Strikes out looking
Top of the 1st over - 2 runs, 3 hits, 0 errors, 1 left on base; West Virginia 2 - Milwaukee (NYP) 0
BOTTOM OF THE 1ST
Milwaukee (NYP) Brewers batting - Pitching for West Virginia Black Bears : RHP Jason Kaufman
Pitching: RHP Jason Kaufman
Batting: RHB Tristan Smeets 0-0: Ball
1-0: Called Strike
1-1: SINGLE (Groundball, 25, EV 64.4 MPH) (infield hit)
Batting: LHB Dusty Bryant 0-0: Called Strike
0-1: Ball
1-1: Foul Ball, location: 2F
1-2: Fly out, F8 (Flyball, 8RS, EV 87.5 MPH)
Batting: RHB Ryan Miller 0-0: Called Strike
Tristan Smeets steals 2nd, throwing error, E2
Tristan Smeets to third
0-1: Swinging Strike
0-2: Ball
1-2: Ball
2-2: Hit by Pitch
Batting: RHB Alfredo Sena 0-0: Ball
1-0: Called Strike
1-1: Called Strike
Ryan Miller steals 2nd base
1-2: Foul Ball, location: 2F
1-2: Ball
2-2: SINGLE (Groundball, 56D, EV 105.0 MPH)
Tristan Smeets scores
Ryan Miller to third
Runner from 3rd tries for Home, SAFE, throw by LF to home
Batting: RHB Tony Beaumond 0-0: Called Strike
Alfredo Sena is caught stealing 2nd base 2-4
0-1: Ball
1-1: SINGLE (Groundball, 34D, EV 96.2 MPH)
Batting: LHB John Fortin 0-0: Called Strike
0-1: Ball
1-1: Fly out, F7 (Flyball, 78M, EV 90.6 MPH)
Bottom of the 1st over - 2 runs, 3 hits, 1 error, 1 left on base; West Virginia 2 - Milwaukee (NYP) 2
TOP OF THE 2ND
West Virginia Black Bears batting - Pitching for Milwaukee (NYP) Brewers : RHP Brad Nathan
Batting: SHB Rob Haney 0-0: Foul Ball, location: 2F
0-1: Called Strike
0-2: Strikes out swinging
Batting: RHB Francisco Santos 0-0: Called Strike
0-1: Ball
1-1: Ball
2-1: Fly out, F8 (Flyball, 8RD, EV 98.1 MPH)
Batting: SHB Nathan Clement 0-0: Ball
1-0: Called Strike
1-1: Swinging Strike
1-2: Foul Ball, location: 2F
1-2: Foul Ball, location: 2F
1-2: SINGLE (Flyball, 8LS, EV 86.9 MPH)
Batting: RHB Ryan LeSueur 0-0: Ball
Nathan Clement steals 2nd base
1-0: Ball
2-0: Ball
3-0: Called Strike
3-1: Ground out 5-3 (Groundball, 56, EV 100.6 MPH)
Top of the 2nd over - 0 runs, 1 hit, 0 errors, 1 left on base; West Virginia 2 - Milwaukee (NYP) 2
BOTTOM OF THE 2ND
Milwaukee (NYP) Brewers batting - Pitching for West Virginia Black Bears : RHP Jason Kaufman
Batting: RHB Lorenzo Diaz 0-0: Ground out 5-3 (Groundball, 56S, EV 83.8 MPH)
Batting: RHB Chris Riddel 0-0: Ground out 5-3 (Groundball, 56, EV 83.1 MPH)
Batting: RHB Mohammed bin Ubaida 0-0: Ball
1-0: Ball
2-0: Foul Ball, location: 2F
2-1: Foul Ball, location: 2F
2-2: Foul Ball, location: 2F
2-2: Foul Ball, location: 2F
2-2: Foul Ball, location: 2F
2-2: SINGLE (Groundball, 6M, EV 100.6 MPH) (infield hit)
Batting: RHB Tristan Smeets 0-0: Ball
Mohammed bin Ubaida is caught stealing 2nd base 2-4
Bottom of the 2nd over - 0 runs, 1 hit, 0 errors, 0 left on base; West Virginia 2 - Milwaukee (NYP) 2
TOP OF THE 3RD
West Virginia Black Bears batting - Pitching for Milwaukee (NYP) Brewers : RHP Brad Nathan
Batting: LHB Dave Cook 0-0: Foul Ball, location: 2F
0-1: Ball
1-1: Called Strike
1-2: Strikes out looking
Batting: RHB Randy Bergman 0-0: Ball
1-0: Ground out 6-3 (Groundball, 6, EV 102.5 MPH)
Batting: RHB Edwardo Tanchez 0-0: Called Strike
0-1: Ball
1-1: Foul Ball, location: 2F
1-2: Strikes out swinging
Top of the 3rd over - 0 runs, 0 hits, 0 errors, 0 left on base; West Virginia 2 - Milwaukee (NYP) 2
BOTTOM OF THE 3RD
Milwaukee (NYP) Brewers batting - Pitching for West Virginia Black Bears : RHP Jason Kaufman
Batting: RHB Tristan Smeets 0-0: Ball
1-0: Fly out, F9 (Flyball, 9LM, EV 88.1 MPH)
Batting: LHB Dusty Bryant 0-0: Called Strike
0-1: Ball
1-1: Swinging Strike
1-2: Strikes out swinging
Batting: RHB Ryan Miller 0-0: Swinging Strike
0-1: Ball
1-1: SINGLE (Line Drive, 78S, EV 102.5 MPH)
Batting: RHB Alfredo Sena 0-0: Ball
1-0: Hit by Pitch
Ryan Miller to second
Batting: RHB Tony Beaumond 0-0: Ball
1-0: Fielders Choice at 2nd, U4 (Groundball, 4M, EV 109.4 MPH)
Bottom of the 3rd over - 0 runs, 1 hit, 0 errors, 2 left on base; West Virginia 2 - Milwaukee (NYP) 2
TOP OF THE 4TH
West Virginia Black Bears batting - Pitching for Milwaukee (NYP) Brewers : RHP Brad Nathan
Batting: RHB Mike Weeks 0-0: Foul Ball, location: 2F
0-1: Ball
1-1: Called Strike
1-2: Foul Ball, location: 2F
1-2: Foul Ball, location: 2F
1-2: Reached on error, E6 (Groundball, 6, EV 88.1 MPH)
Batting: RHB Matt Derrien 0-0: Ball
1-0: Swinging Strike
1-1: Called Strike
1-2: Foul Ball, location: 2F
1-2: Strikes out looking
Batting: SHB Rob Haney 0-0: Called Strike
0-1: Ground out 5-3 (Groundball, 56, EV 114.4 MPH)
Batting: RHB Francisco Santos 0-0: Ground out 6-3 (Groundball, 6, EV 107.5 MPH)
Top of the 4th over - 0 runs, 0 hits, 1 error, 1 left on base; West Virginia 2 - Milwaukee (NYP) 2
BOTTOM OF THE 4TH
Milwaukee (NYP) Brewers batting - Pitching for West Virginia Black Bears : RHP Jason Kaufman
Batting: LHB John Fortin 0-0: Called Strike
0-1: Swinging Strike
0-2: Ball
1-2: Foul Ball, location: 2F
1-2: Foul Ball, location: 2F
1-2: Foul Ball, location: 2F
1-2: Ball
2-2: Foul Ball, location: 2F
2-2: Strikes out looking
Batting: RHB Lorenzo Diaz 0-0: Ball
1-0: Called Strike
1-1: Foul Ball, location: 2F
1-2: Strikes out swinging
Batting: RHB Chris Riddel 0-0: Called Strike
0-1: Swinging Strike
0-2: Ball
1-2: Fly out, F8 (Flyball, 8RD, EV 89.4 MPH)
Bottom of the 4th over - 0 runs, 0 hits, 0 errors, 0 left on base; West Virginia 2 - Milwaukee (NYP) 2
TOP OF THE 5TH
West Virginia Black Bears batting - Pitching for Milwaukee (NYP) Brewers : RHP Brad Nathan
Batting: SHB Nathan Clement 0-0: Swinging Strike
0-1: Ball
1-1: Ball
2-1: Swinging Strike
2-2: Strikes out swinging, 2-3 out at first.
Batting: RHB Ryan LeSueur 0-0: Called Strike
0-1: Foul Ball, location: 2F
0-2: Foul Ball, location: 2F
0-2: Ball
1-2: Ball
2-2: Strikes out swinging, 2-3 out at first.
Batting: LHB Dave Cook 0-0: Swinging Strike
0-1: Ball
1-1: Ball
2-1: Foul Ball, location: 2F
2-2: Strikes out swinging
Top of the 5th over - 0 runs, 0 hits, 0 errors, 0 left on base; West Virginia 2 - Milwaukee (NYP) 2
BOTTOM OF THE 5TH
Milwaukee (NYP) Brewers batting - Pitching for West Virginia Black Bears : RHP Jason Kaufman
Batting: RHB Mohammed bin Ubaida 0-0: Foul Ball, location: 2F
0-1: Called Strike
0-2: Fly out, F9 (Flyball, 9S, EV 91.9 MPH)
Batting: RHB Tristan Smeets 0-0: Foul Ball, location: 2F
0-1: Ball
1-1: Ball
2-1: TRIPLE (Flyball, 78XD, EV 103.1 MPH)
Batting: LHB Dusty Bryant 0-0: Ball
1-0: Ball
2-0: Called Strike
2-1: Ball
3-1: Base on Balls
Pitching: LHP Juan Hernandez
Batting: RHB Ryan Miller 0-0: Called Strike
0-1: Ball
1-1: Grounds into double play, 4-6-3 (Groundball, 4S, EV 81.9 MPH)
Bottom of the 5th over - 0 runs, 1 hit, 0 errors, 1 left on base; West Virginia 2 - Milwaukee (NYP) 2
TOP OF THE 6TH
West Virginia Black Bears batting - Pitching for Milwaukee (NYP) Brewers : RHP Brad Nathan
Pitching: RHP Dustin Pryor
Batting: RHB Randy Bergman 0-0: Fly out, F2 (Popup, 3SF, EV 81.9 MPH)
Batting: RHB Edwardo Tanchez 0-0: DOUBLE (Line Drive, 78D, EV 100.0 MPH)
Pinch Runner at 2nd Jesse Haught:
Batting: RHB Mike Weeks 0-0: Intentional Walk
Batting: RHB Matt Derrien 0-0: Fly out, F8 (Flyball, 8LM, EV 93.8 MPH)
Batting: SHB Rob Haney 0-0: Ball
1-0: Fly out, F7 (Flyball, 7LM, EV 92.5 MPH)
Top of the 6th over - 0 runs, 1 hit, 0 errors, 2 left on base; West Virginia 2 - Milwaukee (NYP) 2
BOTTOM OF THE 6TH
Milwaukee (NYP) Brewers batting - Pitching for West Virginia Black Bears : LHP Juan Hernandez
Now at 3B: Sun-wei Kuai
Batting: RHB Alfredo Sena 0-0: Ball
1-0: Ball
2-0: Called Strike
2-1: Ball
3-1: Base on Balls
Batting: RHB Tony Beaumond 0-0: Ball
1-0: Foul Ball, location: 2F
1-1: Ball
2-1: Foul Ball, location: 2F
2-2: Strikes out looking
Batting: LHB John Fortin Pickoff Throw to First - Out! 1-3
0-0: Ball
1-0: Ball
2-0: Foul Ball, location: 2F
2-1: Foul Ball, location: 2F
2-2: Ball
3-2: Foul Ball, location: 2F
3-2: Base on Balls
Batting: RHB Lorenzo Diaz 0-0: Fielders Choice at 2nd, 6-4 (Groundball, 6, EV 77.5 MPH)
Bottom of the 6th over - 0 runs, 0 hits, 0 errors, 1 left on base; West Virginia 2 - Milwaukee (NYP) 2
TOP OF THE 7TH
West Virginia Black Bears batting - Pitching for Milwaukee (NYP) Brewers : RHP Dustin Pryor
Batting: RHB Francisco Santos 0-0: Ball
1-0: Ground out 4-3 (Groundball, 4, EV 96.9 MPH)
Batting: SHB Nathan Clement 0-0: Ball
1-0: Swinging Strike
1-1: Called Strike
1-2: Strikes out swinging
Batting: RHB Ryan LeSueur 0-0: Ground out 6-3 (Groundball, 6, EV 80.0 MPH)
Top of the 7th over - 0 runs, 0 hits, 0 errors, 0 left on base; West Virginia 2 - Milwaukee (NYP) 2
BOTTOM OF THE 7TH
Milwaukee (NYP) Brewers batting - Pitching for West Virginia Black Bears : LHP Juan Hernandez
Batting: RHB Chris Riddel 0-0: Swinging Strike
0-1: Swinging Strike
0-2: Ball
1-2: Strikes out looking
Batting: RHB Mohammed bin Ubaida 0-0: Ball
1-0: Ball
2-0: Foul Ball, location: 2F
2-1: Foul Ball, location: 2F
2-2: Strikes out swinging
Batting: RHB Tristan Smeets 0-0: Ball
1-0: Called Strike
1-1: Called Strike
1-2: Strikes out looking
Bottom of the 7th over - 0 runs, 0 hits, 0 errors, 0 left on base; West Virginia 2 - Milwaukee (NYP) 2
TOP OF THE 8TH
West Virginia Black Bears batting - Pitching for Milwaukee (NYP) Brewers : RHP Dustin Pryor
Batting: LHB Dave Cook 0-0: Called Strike
0-1: Swinging Strike
0-2: Strikes out swinging
Batting: RHB Randy Bergman 0-0: Ball
1-0: DOUBLE (Line Drive, 7LM, EV 100.0 MPH)
Batting: LHB Sun-wei Kuai 0-0: Ball
Randy Bergman is caught stealing 3rd base 2-5
1-0: Ball
2-0: Foul Ball, location: 2F
2-1: Foul Ball, location: 2F
2-2: Ball
3-2: Foul Ball, location: 2F
3-2: Foul Ball, location: 2F
3-2: Strikes out looking
Top of the 8th over - 0 runs, 1 hit, 0 errors, 0 left on base; West Virginia 2 - Milwaukee (NYP) 2
BOTTOM OF THE 8TH
Milwaukee (NYP) Brewers batting - Pitching for West Virginia Black Bears : LHP Juan Hernandez
Pitching: RHP Onne Stubbe
Batting: LHB Dusty Bryant 0-0: Called Strike
0-1: Called Strike
0-2: Ball
1-2: Foul Ball, location: 2F
1-2: Foul Ball, location: 2F
1-2: Ball
2-2: Strikes out swinging
Batting: RHB Ryan Miller 0-0: Called Strike
0-1: Ground out 6-3 (Groundball, 6, EV 103.8 MPH)
Batting: RHB Alfredo Sena 0-0: Ball
1-0: Reached on error, E6 (Groundball, 6, EV 106.9 MPH)
Batting: RHB Tony Beaumond 0-0: Ball
1-0: Foul Ball, location: 2F
1-1: Ball
2-1: Called Strike
2-2: Fly out, F9 (Flyball, 9, EV 83.1 MPH)
Bottom of the 8th over - 0 runs, 0 hits, 1 error, 1 left on base; West Virginia 2 - Milwaukee (NYP) 2
TOP OF THE 9TH
West Virginia Black Bears batting - Pitching for Milwaukee (NYP) Brewers : RHP Dustin Pryor
Batting: RHB Mike Weeks 0-0: Called Strike
0-1: Ball
1-1: Ball
2-1: Ball
3-1: Called Strike
3-2: Base on Balls
Pitching: RHP Alejandro Souto
Batting: RHB Matt Derrien 0-0: Ball
1-0: Foul Ball, location: 2F
1-1: Called Strike
Mike Weeks steals 2nd base
1-2: Ball
2-2: Fly out, F9 (Flyball, 89M, EV 71.9 MPH)
Runner from 2nd tags up, SAFE at 3rd with throw by RF
Batting: SHB Rob Haney 0-0: Intentional Walk
Pinch Hitting: RHB Oscar Mora 0-0: Called Strike
0-1: Called Strike
0-2: Strikes out swinging
Batting: SHB Nathan Clement 0-0: Ball
1-0: Swinging Strike
1-1: Called Strike
1-2: Fly out, F8 (Flyball, 89D, EV 93.8 MPH)
Top of the 9th over - 0 runs, 0 hits, 0 errors, 2 left on base; West Virginia 2 - Milwaukee (NYP) 2
BOTTOM OF THE 9TH
Milwaukee (NYP) Brewers batting - Pitching for West Virginia Black Bears : RHP Onne Stubbe
Now at 3B: Jason Rhodes
Now in RF: Sun-wei Kuai
Batting: LHB John Fortin 0-0: Ball
1-0: Ball
2-0: Called Strike
2-1: Ball
3-1: Base on Balls
Batting: RHB Lorenzo Diaz 0-0: Ball
1-0: SINGLE (Groundball, 6D, EV 100.0 MPH)
John Fortin to second
Pinch Hitting: LHB Steven Donovan 0-0: Bunt missed!
0-1: Sac Bunt to 3S - play at first, batter OUT! 3-4
John Fortin to third
Lorenzo Diaz to second
Pitching: LHP Adam Clarke
Batting: RHB Mohammed bin Ubaida 0-0: Called Strike
0-1: Fielders Choice at home, 5-2 (Groundball, 56S, EV 68.1 MPH)
Lorenzo Diaz to third
Batting: RHB Tristan Smeets 0-0: Ball
1-0: Ground out 4-3 (Groundball, 4, EV 83.8 MPH)
Bottom of the 9th over - 0 runs, 1 hit, 0 errors, 2 left on base; West Virginia 2 - Milwaukee (NYP) 2
TOP OF THE 10TH
West Virginia Black Bears batting - Pitching for Milwaukee (NYP) Brewers : RHP Alejandro Souto
Now at C: Michael Dickerson
Batting: RHB Ryan LeSueur 0-0: Called Strike
0-1: Ball
1-1: Fly out, F8 (Flyball, 8LD, EV 81.2 MPH)
Batting: LHB Dave Cook 0-0: Called Strike
0-1: Ball
1-1: Called Strike
1-2: Foul Ball, location: 2F
1-2: Ball
2-2: Ball
3-2: Strikes out swinging
Batting: RHB Randy Bergman 0-0: Called Strike
0-1: Swinging Strike
0-2: Ball
1-2: Foul Ball, location: 2F
1-2: Ball
2-2: Ball
3-2: Strikes out swinging
Top of the 10th over - 0 runs, 0 hits, 0 errors, 0 left on base; West Virginia 2 - Milwaukee (NYP) 2
BOTTOM OF THE 10TH
Milwaukee (NYP) Brewers batting - Pitching for West Virginia Black Bears : LHP Adam Clarke
Batting: LHB Dusty Bryant 0-0: Ball
1-0: Called Strike
1-1: SOLO HOME RUN (Flyball, 9LD, EV 94.4 MPH), Distance : 353 ft
Bottom of the 10th over - 1 run, 1 hit, 0 errors, 0 left on base; West Virginia 2 - Milwaukee (NYP) 3
Sunday, July 16th , 2023 - OOTP Baseball 24.6 Build 69